 Dungeon Crawl Stone Soup version 0.26-a0-1161-g0398aca569 (webtiles) character file.

Game seed: 8123517003931270806

67 Gargoyl the Skirmisher (level 4, -4/41 HPs)
             Began as a Gnoll Abyssal Knight on Dec 23, 2020.
             Was a Believer of Lugonu.
             Killed from afar by a white imp (11 damage)
             ... with a puff of frost
             ... on level 6 of the Dungeon.
             The game lasted 00:02:40 (1960 turns).

Gargoyl the Skirmisher (Gnoll Abyssal Knight)       Turns: 1960, Time: 00:02:40

Health: -4/41      AC: 10    Str: 15    XL:     4   Next: 16%
Magic:  7/7        EV:  8    Int: 14    God:    Lugonu [**....]
Gold:   165        SH:  0    Dex: 15    Spells: 5/5 levels left

rFire    . . .     SeeInvis .   c - +1 great mace (drain)
rCold    . . .     Faith    .   (shield currently unavailable)
rNeg     . . .     Spirit   .   j - +0 chain mail
rPois    .         Reflect  .   (no helmet)
rElec    .         Harm     .   (no cloak)
rCorr    .         Rampage  .   k - +0 pair of gloves
Will     .....                  (no boots)
Stlth    ..........             (no amulet)
HPRegen  0.13/turn              (no ring)
MPRegen  0.10/turn              (no ring)

@: brilliant, attractive
A: distributed training, fangs 1, strong nose
a: Renounce Religion, Depart the Abyss, Bend Space


You were on level 6 of the Dungeon.
You worshipped Lugonu.
Lugonu was pleased with you.
You visited 1 branch of the dungeon, and saw 4 of its levels.
You visited the Abyss 1 time.

You collected 165 gold pieces.

Inventory:

Hand Weapons
 a - a +1 hand axe
 c - a +1 great mace of draining (weapon)
Armour
 j - a +0 chain mail (worn)
 k - a +0 pair of gloves (worn)
Scrolls
 i - a scroll of teleportation
 l - a scroll of remove curse
Potions
 b - a potion of degeneration {unknown}
 d - a potion of attraction
 e - a potion of haste {unknown}
 f - a potion of heal wounds {unknown}
 h - a potion of curing
 m - a potion of resistance {unknown}


   Skills:
 + Level 6.6 Fighting
 + Level 1.0 Short Blades
 + Level 1.0 Long Blades
 + Level 4.6 Axes
 + Level 1.0 Maces & Flails
 + Level 1.0 Polearms
 + Level 1.0 Staves
 + Level 1.0 Slings
 + Level 1.0 Bows
 + Level 1.0 Crossbows
 + Level 1.0 Throwing
 + Level 4.6 Armour
 + Level 2.7 Dodging
 + Level 1.0 Stealth
 + Level 1.0 Shields
 + Level 1.0 Unarmed Combat
 + Level 1.0 Spellcasting
 + Level 0.8 Conjurations
 + Level 0.8 Hexes
 + Level 0.8 Summonings
 + Level 0.8 Necromancy
 + Level 0.8 Translocations
 + Level 0.8 Transmutations
 + Level 0.8 Fire Magic
 + Level 0.8 Ice Magic
 + Level 0.8 Air Magic
 + Level 0.8 Earth Magic
 + Level 0.8 Poison Magic
 + Level 4.6 Invocations
 + Level 1.0 Evocations


You had 5 spell levels left.
You didn't know any spells.
Your spell library was empty.

Dungeon Overview and Level Annotations

Branches:
Dungeon (3/15)

Altars:
Elyvilon
Kikubaaqudgha
Nemelex Xobeh
Okawaru


Innate Abilities, Weirdness & Mutations

Your experience applies equally to all skills.
You have very sharp teeth.
Your uncanny sense of smell can sniff out nearby items.


Message History

It was a potion of brilliance.
You feel clever all of a sudden. The gnoll barely misses you.
The howler monkey hits you but does no damage.
The white imp gestures at you. The puff of frost hits you.
* * * LOW HITPOINT WARNING * * *
The orc hits you but does no damage.
The orc priest hits you with a +0 flail.
* * * LOW HITPOINT WARNING * * *
You hit the orc priest.
The orc priest is severely wounded.
The howler monkey hits you but does no damage.
The gnoll hits you from afar with a +0 spear.
* * * LOW HITPOINT WARNING * * *
The worker ant bites you.
* * * LOW HITPOINT WARNING * * *
The white imp gestures at you. The puff of frost hits you!
You die...

####### ##.....###
##)........
###.........#
##...........#
##.......>....#
######.............#
#####.B................#
......o@..............##
###...oh5###...........
....#..g## #...........
......#.# ............
...##.... ...#.........
.. ..... #...... .
...... #.......


You could see a howler monkey, a worker ant, an orc priest, a gnoll, a white imp
and an orc.

Vanquished Creatures
  2 worms (D:3)
  4 dart slugs
  4 orcs
  A giant cockroach (D:3)
  4 hobgoblins
  7 jackals
  A quokka (D:2)
  2 ball pythons
  8 bats
  3 frilled lizards (D:1)
  5 goblins
  3 kobolds
  5 rats
49 creatures vanquished.

Notes
Turn   | Place    | Note
-------+----------+-------------------------------------------
     0 | Abyss:1  | Gargoyl the Gnoll Abyssal Knight began the quest for the
                  | Orb.
     0 | Abyss:1  | Reached XP level 1. HP: 23/23 MP: 3/3
    32 | Abyss:2  | Noticed a ynoxinul
    69 | D:1      | Escaped the Abyss
   805 | D:1      | Reached XP level 2. HP: 29/29 MP: 5/5
   807 | D:1      | Reached * piety under Lugonu
  1070 | D:2      | Reached XP level 3. HP: 35/35 MP: 6/6
  1293 | D:2      | Found a sparkling altar of Nemelex Xobeh.
  1419 | D:2      | Found an iron altar of Okawaru.
  1419 | D:2      | Found an ancient bone altar of Kikubaaqudgha.
  1479 | D:3      | Found a white marble altar of Elyvilon.
  1722 | D:3      | Reached skill level 1 in Short Blades
  1722 | D:3      | Reached skill level 1 in Long Blades
  1722 | D:3      | Reached skill level 1 in Maces & Flails
  1722 | D:3      | Reached skill level 1 in Polearms
  1722 | D:3      | Reached skill level 1 in Staves
  1722 | D:3      | Reached skill level 1 in Slings
  1722 | D:3      | Reached skill level 1 in Bows
  1722 | D:3      | Reached skill level 1 in Crossbows
  1722 | D:3      | Reached skill level 1 in Throwing
  1722 | D:3      | Reached skill level 1 in Stealth
  1722 | D:3      | Reached skill level 1 in Shields
  1722 | D:3      | Reached skill level 1 in Unarmed Combat
  1722 | D:3      | Reached skill level 1 in Spellcasting
  1722 | D:3      | Reached skill level 1 in Evocations
  1739 | D:3      | Reached ** piety under Lugonu
  1740 | D:3      | Reached XP level 4. HP: 29/41 MP: 7/7
  1926 | D:3      | You fall into a shaft and drop 3 floors!
  1954 | D:6      | HP: 1/41 [howler monkey (3)]
  1960 | D:6      | Killed from afar by a white imp

Illustrated notes

Levels and vault maps discovered:
D:1:      minmay_arrival_checkered_box, layout_rooms, minmay_statues_item
D:2:      layout_rooms, gammafunk_temple_overflow_elements, solitary_fountain,
          nemelex_spade_bored_becter
D:3:      layout_basic, elyvilon_altar_1, minmay_cupped, uniq_ijyb
D:6:      layout_rooms, eat_drink_and_be_merry_uskayaw,
          minmay_temple_entry_large_hall, lightli_corner_chamber

Skill      XL: |  1  2  3 |
---------------+----------+-----
Short Blades   | 1 |  1.0
Long Blades    | 1 |  1.0
Maces & Flails | 1 |  1.0
Polearms       | 1 |  1.0
Staves         | 1 |  1.0
Slings         | 1 |  1.0
Bows           | 1 |  1.0
Crossbows      | 1 |  1.0
Throwing       | 1 |  1.0
Stealth        | 1 |  1.0
Shields        | 1 |  1.0
Unarmed Combat | 1 |  1.0
Spellcasting   | 1 |  1.0
Evocations     | 1 |  1.0
Fighting       | |  6.6
Axes           | |  4.6
Armour         | |  4.6
Dodging        | |  2.7
Conjurations   | |  0.8
Hexes          | |  0.8
Summonings     | |  0.8
Necromancy     | |  0.8
Translocations | |  0.8
Transmutations | |  0.8
Fire Magic     | |  0.8
Ice Magic      | |  0.8
Air Magic      | |  0.8
Earth Magic    | |  0.8
Poison Magic   | |  0.8
Invocations    | |  4.6

Action                   |  1- 3 |  4- 6 || total
-------------------------+-------+-------++-------
Melee: Great mace        |   111 |    25 ||   136
       Bite              |    16 |     2 ||    18
       Hand axe          |     4 |       ||     4
Invok: Depart the Abyss  |     1 |       ||     1
  Use: Scroll            |     4 |       ||     4
       Potion            |       |     4 ||     4
Armor: Leather armour    |    20 |       ||    20
       Chain mail        |   150 |    44 ||   194
Dodge: Dodged            |   117 |    24 ||   141

Table legend: (Time is in decaauts)
 A = Elapsed time spent in this place.
 B = Non-inter-level travel time spent in this place.
 C = Inter-level travel time spent in this place.
 D = Time resting spent in this place.
 E = Time spent auto-exploring this place.
 F = Levels seen in this place.
 G = Mean time per level.
                   A        B        C        D        E       F      G
               +--------+--------+--------+--------+--------+-----+--------+
         Total |   2048 |   2019 |     29 |    125 |   1401 |   6 |  341.3 |
       Dungeon |   1979 |   1950 |     29 |    125 |   1375 |   4 |  494.8 |
         Abyss |     69 |     69 |      0 |      0 |     26 |   2 |   34.5 |
               +--------+--------+--------+--------+--------+-----+--------+

Top non-repeatable levels by time:
     D:1: 975 daAuts
     D:3: 506 daAuts
     D:2: 459 daAuts
 Abyss:2: 44 daAuts
     D:6: 39 daAuts
 Abyss:1: 25 daAuts
